 Dungeon Crawl Stone Soup version 0.29-a0-270-g1586fc07ea (webtiles) character file.

Game seed: 11494172270299062239

56 sammy202020 the Skirmisher (level 3, -2/51 HPs)
             Began as a Naga Berserker on Mar 8, 2022.
             Was a Follower of Trog.
             Slain by a gnoll
             ... wielding a +0 spear
              (3 damage)
             ... on level 3 of the Dungeon.
             The game lasted 00:03:11 (2352 turns).

sammy202020 the Skirmisher (Naga Berserker)         Turns: 2352, Time: 00:03:12

Health: -2/51      AC:  5    Str: 19    XL:     3   Next: 95%
Magic:  3/3        EV:  5    Int:  9    God:    Trog [*.....]
Gold:   69         SH:  0    Dex: 10    Spells: 2/2 levels left

rFire   . . .      SeeInvis +   a - +0 mace
rCold   . . .      Faith    .   (no shield)
rNeg    . . .      Spirit   .   c - +0 chain mail
rPois   +          Reflect  .   (no helmet)
rElec   .          Harm     .   (no cloak)
rCorr   .          Rampage  .   (no gloves)
Will    .....                   (no barding)
Stlth   ..........              (no amulet)
HPRegen 0.17/turn               j - +4 ring of slaying
MPRegen 0.08/turn               (no ring)

@: berserking, short of breath, quick
A: AC +1, large, see invisible, deformed body, poison resistance, slowness 2,
spit poison 1, naga tail 1
a: Spit Poison, Renounce Religion, Berserk


You were on level 3 of the Dungeon.
You worshipped Trog.
Trog was aware of your devotion.
You visited 1 branch of the dungeon, and saw 3 of its levels.

You collected 69 gold pieces.

Inventory:

Hand Weapons
 a - a +0 mace (weapon)
 l - a +2 hand axe of flaming
Armour
 c - a +0 chain mail (worn)
Jewellery
 j - a +4 ring of slaying (left hand)
Scrolls
 b - 2 scrolls of amnesia {unknown}
 e - 4 scrolls of identify {unknown}
 g - a scroll of enchant armour {unknown}
 h - a scroll of teleportation {unknown}
 i - a scroll of magic mapping {unknown}
 k - a scroll of blinking {unknown}
Potions
 d - 2 potions of curing {unknown}
 f - a potion of degeneration {unknown}


   Skills:
 + Level 3.5 Fighting
 + Level 3.4 Maces & Flails
 + Level 2.1 Armour
 + Level 2.1 Dodging


You had 2 spell levels left.
You didn't know any spells.
Your spell library was empty.

Dungeon Overview and Level Annotations

Branches:
Dungeon (3/15)

Altars:


Innate Abilities, Weirdness & Mutations

Your serpentine skin is tough. (AC +1)
You have supernaturally acute eyesight. (SInv)
Armour fits poorly on your strangely shaped body.
Your system is resistant to poisons. (rPois)
You cover ground very slowly.
You can spit poison.
You have a snake-like lower body.


Message History

There are no items here.
You can't do that yet.
A gnoll comes into view. It is wielding a +0 spear.
The gnoll shouts!
You can't do that yet.
The gnoll hits you but does no damage. x2
The gnoll hits you from afar with a +0 spear.
The gnoll hits you with a +0 whip!
You can't do that yet.
There are no items here.
You hit the gnoll.
The gnoll is heavily wounded.
You have got your breath back.
The gnoll hits you but does no damage.
The gnoll hits you from afar with a +0 spear.
You sock the gnoll!
You kill the gnoll!
Trog accepts your kill. The gnoll hits you but does no damage.
The gnoll hits you but does no damage. The gnoll hits you with a +0 spear.
You see here a +0 whip.
You barely miss the gnoll. The gnoll hits you with a +0 spear.
You barely miss the gnoll. The gnoll hits you with a +0 spear.
You barely miss the gnoll. The gnoll hits you with a +0 spear!
* * * LOW HITPOINT WARNING * * *
Aiming: Spit Poison (2% risk of failure)
Press: ? - help, Q - select action Shift-Dir - straight line, f - gnoll
Aim: a gnoll, wielding a +0 spear (65% to hit)
The splash of poison misses the gnoll.
The splash of poison hits the gnoll.
The gnoll is heavily wounded.
The gnoll hits you with a +0 spear.
* * * LOW HITPOINT WARNING * * *
A red film seems to cover your vision as you go berserk!
You feel yourself moving faster!
You feel mighty! The gnoll closely misses you.
You closely miss the gnoll. The gnoll hits you with a +0 spear.
* * * LOW HITPOINT WARNING * * *
You sock the gnoll!
The gnoll is almost dead.
The gnoll hits you with a +0 spear.
You die...

###
#...##.####.###.##
##...##.##........#
........##.#.###..#
###..#..##.#.# #
#........#.#
#.>........#
###.##.######
.........#######..#
##.#........@ggg..#
#....###.#########
####. #.# #. #.# #
#.# #.# #.# #.#


You could see 3 gnolls.

Vanquished Creatures
  A gnoll (D:3)
  An adder (D:2)
  A worm (D:2)
  3 orcs (D:3)
  2 ball pythons (D:1)
  3 endoplasms
  2 giant cockroaches (D:1)
  4 hobgoblins
  4 quokkas (D:1)
  4 bats
  2 kobolds (D:1)
  2 rats (D:1)
29 creatures vanquished.

Notes
Turn   | Place    | Note
-------+----------+-------------------------------------------
     0 | D:1      | sammy202020 the Naga Berserker began the quest for the Orb.
     0 | D:1      | Reached XP level 1. HP: 21/21 MP: 1/1
   236 | D:1      | Found a faded altar of an unknown god.
   270 | D:1      | Reached XP level 2. HP: 28/28 MP: 2/2
  1502 | D:2      | Reached XP level 3. HP: 34/34 MP: 3/3
  2351 | D:3      | HP: 1/51 [gnoll/+0 spear (3)]
  2352 | D:3      | Slain by a gnoll

Illustrated notes

Levels and vault maps discovered:
D:1:      lemuel_arrival_muddy, layout_basic, chequers_ecumenical_altar_island,
          hex_medium, corexii_corridor_pit, kennysheep_flooded_box, minivault_26
D:2:      layout_loops_corners, kennysheep_generic_room_11
D:3:      layout_basic, uniq_grinder

Skill      XL: |  1  2  3 |
---------------+----------+-----
Dodging        | 2 |  2.1
Armour         | 2 |  2.1
Fighting       | |  3.5
Maces & Flails | |  3.4

Action                   || total
-------------------------++-------
Melee: Mace              ||    76
Invok: Berserk           ||     1
 Abil: Spit Poison       ||    14
Armor: Animal skin       ||     2
       Chain mail        ||    45
Dodge: Dodged            ||    31

Table legend: (Time is in decaauts)
 A = Elapsed time spent in this place.
 B = Non-inter-level travel time spent in this place.
 C = Inter-level travel time spent in this place.
 D = Time resting spent in this place.
 E = Time spent auto-exploring this place.
 F = Levels seen in this place.
 G = Mean time per level.
                   A        B        C        D        E       F      G
               +--------+--------+--------+--------+--------+-----+--------+
         Total |   2982 |   2876 |    106 |     85 |   2494 |   3 |  994.0 |
       Dungeon |   2982 |   2876 |    106 |     85 |   2494 |   3 |  994.0 |
               +--------+--------+--------+--------+--------+-----+--------+

Top non-repeatable levels by time:
     D:2: 1457 daAuts
     D:1: 1349 daAuts
     D:3: 176 daAuts
